AoeStats
← [PSCH] R!ce

Runestones

507023221Analyzed
1v1 RM · 17d ago on Sep 16, 2026· 59m 47s· 2 players
Game mode
Random Map
Map size
Tiny (2 player)
Population
200
Speed
Normal
Resources
Standard
Victory
Conquest
Starting age
Dark Age
Ending age
Imperial Age
RankedLock teamsTeams togetherTeam positionsShared explorationLock speedFull tech treeHidden civsTurbo modeCheats
Victory
Defeat
🇫🇷 Gurjaras · France
1436
+17
🇨🇭 Vikings · Switzerland
1453
-17
Tayzer
5:45 Loom
8:46 Feudal Age
9:28 Double-Bit Axe
9:07 Man-at-Arms
11:26 Horse Collar
18:31 Padded Archer Armor
21:20 Castle Age
20:11 Gold Mining
20:48 Fletching
20:58 Town Watch
22:24 Bodkin Arrow
28:57 Ballistics
30:43 Leather Archer Armor
33:27 Wheelbarrow
36:38 Imperial Age
36:24 Kshatriyas
37:25 Bracer
40:10 Chemistry
39:28 Elite Elephant Archer
41:36 Thumb Ring
41:40 Town Watch
42:50 Frontier Guards
45:43 Light Cavalry
46:34 Bloodlines
46:24 Husbandry
46:31 Scale Barding Armor
46:36 Forging
46:36 Murder Holes
46:57 Hussar
49:40 Chain Barding Armor
49:55 Iron Casting
51:48 Plate Barding Armor
[PSCH] R!ce
7:19 Loom
9:34 Feudal Age
9:55 Man-at-Arms
15:14 Double-Bit Axe
17:45 Fletching
22:13 Castle Age
20:14 Horse Collar
20:43 Gold Mining
21:10 Scale Mail Armor
22:20 Long Swordsman
22:47 Gambesons
24:31 Chain Mail Armor
25:55 Elite Skirmisher
26:56 Forging
29:05 Iron Casting
28:16 Arson
28:47 Padded Archer Armor
30:35 Leather Archer Armor
32:44 Bodkin Arrow
33:10 Bow Saw
34:34 Ballistics
41:04 Imperial Age
39:54 Heavy Plow
42:08 Bracer
43:12 Chemistry
42:43 Ring Archer Armor
41:46 Capped Ram
44:40 Light Cavalry
45:26 Scale Barding Armor
45:57 Iron Casting
45:55 Plate Mail Armor
48:36 Chain Barding Armor
49:17 Blast Furnace
51:35 Pikeman
Connection lost

Rejoining the realm…

Still unreachable

The connection could not be restored.

Session expired

The server has moved on; the page needs a fresh start.